[Event "Early Titled Tuesday Blitz | February 8 2022"]
[White "Ashiev, Eduard"]
[Black "Flis, Pawel"]
[WhiteFideId "4130090"]
[BlackFideId "1112864"]
[WhiteElo "2004"]
[BlackElo "1735"]
[Result "1-0"]
[Round "10"]
[TimeControl "180+1"]
[Date "2022.02.08"]
[WhiteClock "0:00:01"]
[BlackClock "0:00:03"]

1. d4 Nf6 2. Nf3 g6 3. c4 Bg7 4. Nc3 O-O 5. e4 d6 6. h3 e5 7. d5 Nh5 8. Nh2 a5 9. g3 Na6 10. Be2 Nf6 11. g4 Nc5 12. Qc2 c6 13. Be3 cxd5 14. cxd5 Ne8 15. Nf1 f5 16. gxf5 gxf5 17. Rg1 Kh8 18. Bg5 Qd7 19. exf5 Qxf5 20. Qxf5 Bxf5 21. Ne3 Bxh3 22. Nc4 Bf6 23. Be3 Nd7 24. Ne4 Be7 25. Bd3 Ndf6 26. Ng5 e4 27. Nxe4 Nxe4 28. Bxe4 Nf6 29. Bd4 Rac8 30. Ne3 Rg8 31. Kd2 b5 32. Rxg8+ Kxg8 33. Rg1+ Kf7 34. Bf3 Bd7 35. b3 a4 36. b4 Rg8 37. Rh1 Rg7 38. Ke2 Rg6 39. a3 Rg5 40. Ng2 Kg8 41. Nf4 Nxd5 42. Bxd5+ 1-0


[Site "https://www.chess.com"]

[Event "Early Titled Tuesday Blitz | February 8 2022"]
[White "Avazkhonov, Alikhon"]
[Black "Mayaud, Raphael"]
[WhiteFideId "14208504"]
[BlackFideId "627151"]
[WhiteElo "1739"]
[BlackElo "2191"]
[Result "1-0"]
[Round "10"]
[TimeControl "180+1"]
[Date "2022.02.08"]
[WhiteClock "0:00:04"]
[BlackClock "0:00:03"]

1. f4 d5 2. Nf3 c6 3. g3 g6 4. Bg2 Bg7 5. O-O Nf6 6. d3 Bf5 7. Qe1 Nbd7 8. Nc3 Qb6+ 9. Kh1 O-O-O 10. e4 Be6 11. Ng5 h5 12. e5 Ng4 13. Nxe6 fxe6 14. h3 h4 15. Nd1 hxg3 16. Qxg3 Nh6 17. c3 Nf5 18. Qf2 g5 19. d4 g4 20. Ne3 gxh3 21. Bf3 Bh6 22. Nxf5 exf5 23. Be3 Rdg8 24. Rg1 e6 25. Rxg8+ Rxg8 26. Rg1 Qd8 27. Kh2 Qf8 28. Rxg8 Qxg8 29. Qg3 Qf7 30. Qxh3 Bg7 31. Qh5 Qg8 32. Bf2 Nf8 33. Bh4 Kc7 34. Qe8 Qh7 35. Qd8# 1-0


[Site "https://www.chess.com"]

[Event "Early Titled Tuesday Blitz | February 8 2022"]
[White "Avila Pavas, Santiago"]
[Black "Visakh N R"]
[WhiteFideId "4437128"]
[BlackFideId "25012223"]
[WhiteElo "2242"]
[BlackElo "2454"]
[Result "1-0"]
[Round "10"]
[TimeControl "180+1"]
[Date "2022.02.08"]
[WhiteClock "0:00:37"]
[BlackClock "0:00:21"]

1. d4 Nf6 2. Nf3 e6 3. g3 b5 4. Bg2 Bb7 5. Bg5 h6 6. Bxf6 Qxf6 7. Nbd2 c5 8. dxc5 Bxc5 9. O-O O-O 10. e4 a6 11. c3 Rd8 12. Nb3 Ba7 13. Qc2 d5 14. Na5 Bc6 15. Nd4 Be8 16. exd5 exd5 17. Rae1 Bxd4 18. cxd4 Ra7 19. Qc5 Rad7 20. Re2 Rd6 21. Nb7 Rc6 22. Nxd8 Qxd8 23. Qxd5 Rd6 24. Rxe8+ 1-0


[Site "https://www.chess.com"]

[Event "Early Titled Tuesday Blitz | February 8 2022"]
[White "Bambino Filho, Antonio Carlos"]
[Black "Pantzar, Milton"]
[WhiteFideId "2113163"]
[BlackFideId "1721003"]
[WhiteElo "2459"]
[BlackElo "2340"]
[Result "0-1"]
[Round "10"]
[TimeControl "180+1"]
[Date "2022.02.08"]
[WhiteClock "0:00:04"]
[BlackClock "0:00:13"]

1. e4 c6 2. c4 e5 3. Nf3 d6 4. d4 Nd7 5. Nc3 Be7 6. Be2 Ngf6 7. O-O O-O 8. Re1 a6 9. Qc2 Re8 10. Be3 Bf8 11. d5 g6 12. dxc6 bxc6 13. Rad1 Qc7 14. Na4 Rb8 15. b3 Nh5 16. c5 dxc5 17. Nxc5 Nxc5 18. Bxc5 Bxc5 19. Qxc5 Nf4 20. Bf1 Bg4 21. Re3 a5 22. Rc1 Bxf3 23. Rxf3 Ne6 24. Qc3 Nd4 25. Rh3 Kg7 26. Qe3 h5 27. f4 Ne6 28. f5 Nd4 29. Rg3 Qe7 30. Bc4 Qh4 31. Rf1 Rb7 32. Rh3 Qd8 33. f6+ Kh7 34. Rxh5+ gxh5 35. Qg5 Nf3+ 36. Rxf3 Qd4+ 37. Rf2 Qd1+ 38. Rf1 Qg4 39. Qe3 Rg8 40. Rf2 Rd7 41. h3 Qg3 42. Qxg3 Rxg3 43. Rf5 Kg6 44. Rxe5 Rg5 45. Rxg5+ Kxg5 46. e5 Kf5 47. e6 fxe6 48. g4+ Kxf6 49. gxh5 Rh7 50. Kf2 Rxh5 51. Kg3 e5 52. a4 c5 53. Kg4 Rg5+ 54. Kf3 Rg1 55. h4 Rh1 56. Kg4 e4 57. h5 Ke5 58. Bb5 e3 59. Kf3 Kd4 60. Be8 Kd3 0-1


[Site "https://www.chess.com"]

[Event "Early Titled Tuesday Blitz | February 8 2022"]
[White "Bauer, Thomas"]
[Black "Samaganova, Aleksandra"]
[WhiteFideId "1639293"]
[BlackFideId "13800221"]
[WhiteElo "2220"]
[BlackElo "1859"]
[Result "1-0"]
[Round "10"]
[TimeControl "180+1"]
[Date "2022.02.08"]
[WhiteClock "0:00:07"]
[BlackClock "0:00:02"]

1. d4 Nf6 2. c4 e6 3. Nc3 Bb4 4. a3 Bxc3+ 5. bxc3 c5 6. Bg5 h6 7. Bh4 cxd4 8. Bxf6 Qxf6 9. cxd4 O-O 10. Nf3 Nc6 11. e3 b6 12. Bd3 Bb7 13. O-O Na5 14. Nd2 Rac8 15. Rc1 d5 16. c5 e5 17. dxe5 Qxe5 18. Nf3 Qh5 19. cxb6 axb6 20. Nd4 Qg5 21. Qf3 Rc5 22. Rb1 Rc3 23. Rfd1 Bc8 24. Bf5 Nc4 25. Bxc8 Rxc8 26. Nb5 Rc2 27. Qxd5 Qg6 28. Qd3 Qxd3 29. Rxd3 Nd2 30. Rd1 Ne4 31. Rf1 Rb2 32. Nd4 Rc4 33. h4 Nd2 34. Rd1 Ne4 35. Rf1 Ra4 36. Rc1 Kh7 37. Rc7 Nxf2 38. Rb3 Ng4 39. Rxb2 Rxa3 40. Rb1 Rxe3 41. Nf5 Re5 42. Nd6 Re6 43. Nxf7 Rg6 44. h5 Rf6 45. Rf1 Re6 46. Rc8 Ne3 47. Rh8# 1-0


[Site "https://www.chess.com"]

[Event "Early Titled Tuesday Blitz | February 8 2022"]
[White "Berezin, Viktor"]
[Black "Johnson, Ben"]
[WhiteFideId "14107872"]
[BlackFideId "2010917"]
[WhiteElo "2310"]
[BlackElo "2150"]
[Result "0-1"]
[Round "10"]
[TimeControl "180+1"]
[Date "2022.02.08"]
[WhiteClock "0:00:11"]
[BlackClock "0:00:08"]

1. d4 Nf6 2. Nf3 d5 3. c4 e6 4. g3 Bb4+ 5. Bd2 Be7 6. Bg2 O-O 7. O-O c6 8. Qc2 b6 9. b3 h6 10. Nc3 Ba6 11. Ne5 Nfd7 12. Nxd7 Nxd7 13. Rac1 Rc8 14. Nb1 dxc4 15. bxc4 c5 16. d5 exd5 17. Bxd5 Nf6 18. Bg2 Qd7 19. Rfd1 Rfd8 20. Bxh6 Qg4 21. Be3 Rxd1+ 22. Rxd1 Qxc4 23. Nc3 b5 24. Qb2 b4 25. Nd5 Nxd5 26. Bxd5 Qxe2 27. Rd2 Qe1+ 28. Kg2 Qf1+ 29. Kf3 Qh1+ 30. Kg4 Qxh2 31. Qe5 Bf6 32. Qf5 Re8 33. Bg5 Bc8 34. Qxc8 Rxc8 35. Bxf6 gxf6 36. Be4 Qh6 37. Rd5 c4 38. Bf5 c3 39. Bxc8 c2 40. Rd8+ Kg7 41. Bf5 c1=Q 42. Kf3 Qc3+ 43. Rd3 Qxd3+ 44. Bxd3 Qd2 45. Be4 Qxa2 0-1


[Site "https://www.chess.com"]

[Event "Early Titled Tuesday Blitz | February 8 2022"]
[White "Bifulco, Michel"]
[Black "Iljushina, Olga"]
[WhiteFideId "828580"]
[BlackFideId "4152280"]
[WhiteElo "2165"]
[BlackElo "1937"]
[Result "1-0"]
[Round "10"]
[TimeControl "180+1"]
[Date "2022.02.08"]
[WhiteClock "0:00:57"]
[BlackClock "0:00:30"]

1. d4 Nf6 2. Nc3 e6 3. Bf4 c6 4. e3 d5 5. a3 Bd6 6. Nf3 O-O 7. Ne5 b6 8. g4 Bb7 9. g5 Ne8 10. Bd3 Bxe5 11. Bxe5 Qxg5 12. Qf3 f5 13. O-O-O Nd7 14. Rdg1 Qh6 15. Bf4 Qf6 16. Rg3 c5 17. Rhg1 c4 18. Be2 Bc6 19. Qh5 Qf7 20. Qh3 Ndf6 21. Be5 b5 22. Qg2 a5 23. h4 b4 24. Nd1 bxa3 25. bxa3 Qe7 26. Kd2 Rf7 27. f3 Ra7 28. h5 Nxh5 29. Rh3 Nef6 30. Qg5 Qxa3 31. Rxh5 Nxh5 32. Qxh5 Qb4+ 33. Nc3 a4 34. Rh1 g6 35. Qxg6+ Kf8 36. Qxe6 Rfe7 37. Bd6 Qa5 38. Rxh7 Qd8 39. Qf7# 1-0


[Site "https://www.chess.com"]

[Event "Early Titled Tuesday Blitz | February 8 2022"]
[White "Bintang, Rasyid A. Hidayat"]
[Black "Adewumi, Tanitoluwa"]
[WhiteFideId "7105355"]
[BlackFideId "30966396"]
[WhiteElo "2318"]
[BlackElo "2437"]
[Result "1-0"]
[Round "10"]
[TimeControl "180+1"]
[Date "2022.02.08"]
[WhiteClock "0:02:05"]
[BlackClock "0:01:24"]

1. d4 Nf6 2. Bf4 d6 3. Nc3 g6 4. e4 Bg7 5. Qd2 c6 6. Nf3 Bg4 7. Be2 Bxf3 8. Bxf3 Qb6 9. O-O-O Nfd7 10. Be3 Qa5 11. h4 h5 12. Kb1 e5 13. d5 c5 14. g4 hxg4 15. Bxg4 Nb6 16. Be2 f5 17. Bg5 fxe4 18. Nxe4 Kd7 19. Qxa5 1-0


[Site "https://www.chess.com"]

[Event "Early Titled Tuesday Blitz | February 8 2022"]
[White "Bodnaruk, Anastasia"]
[Black "Popadic, Dragan"]
[WhiteFideId "4181751"]
[BlackFideId "913650"]
[WhiteElo "2393"]
[BlackElo "2199"]
[Result "1-0"]
[Round "10"]
[TimeControl "180+1"]
[Date "2022.02.08"]
[WhiteClock "0:01:10"]
[BlackClock "0:00:27"]

1. e4 c5 2. Nc3 Nc6 3. Bb5 Nd4 4. Bc4 a6 5. a4 d6 6. Nge2 Nc6 7. d4 cxd4 8. Nxd4 Nf6 9. Be3 Bd7 10. h3 g6 11. Qd2 Bg7 12. Nb3 O-O 13. Bh6 Rc8 14. Bxg7 Kxg7 15. O-O Ne5 16. Be2 Nc4 17. Bxc4 Rxc4 18. Qd3 Qc8 19. f4 b5 20. e5 dxe5 21. fxe5 Ng8 22. axb5 axb5 23. Ra7 Bc6 24. Na5 Ba8 25. Nxc4 Qc5+ 26. Qe3 Qxc4 27. Rfa1 Bd5 28. b3 Qc6 29. R1a6 Qc8 30. Nxd5 Qxc2 31. Nxe7 Re8 32. Nxg8 Rxg8 33. e6 Rf8 34. Qd4+ Kg8 35. exf7+ 1-0


[Site "https://www.chess.com"]

[Event "Early Titled Tuesday Blitz | February 8 2022"]
[White "Bongo Akanga Ndjila, Barthelemy"]
[Black "De Arruda, Leandro Formes"]
[WhiteFideId "10609431"]
[BlackFideId "22722009"]
[WhiteElo "1803"]
[BlackElo "1780"]
[Result "0-1"]
[Round "10"]
[TimeControl "180+1"]
[Date "2022.02.08"]
[WhiteClock "0:00:24"]
[BlackClock "0:01:02"]

1. d4 d5 2. c4 e6 3. Nf3 Nf6 4. g3 Be7 5. Bg2 O-O 6. O-O b6 7. Qa4 Bb7 8. Ne5 Nbd7 9. Nc6 Bxc6 10. Qxc6 Rc8 11. cxd5 Nb8 12. Qb7 Nxd5 13. Nc3 Nxc3 14. bxc3 a6 15. Qf3 c5 16. Rd1 cxd4 17. a4 Bf6 18. cxd4 Nc6 19. Ba3 Re8 20. e3 Na5 21. Rab1 Nc4 22. Bb4 Qd7 23. d5 exd5 24. Qxd5 Qxa4 25. Bh3 Rcd8 26. Qxc4 Rxd1+ 27. Rxd1 Qxd1+ 28. Bf1 a5 29. Qc6 Rd8 30. Ba3 Qb3 31. Bc1 Qc3 32. Qxc3 Bxc3 33. e4 a4 34. Be3 a3 35. Bxb6 a2 36. Bxd8 a1=Q 37. Kg2 Qa8 38. Bg5 Qxe4+ 39. Kg1 Bd4 40. Bg2 Qe1+ 0-1


[Site "https://www.chess.com"]

[Event "Early Titled Tuesday Blitz | February 8 2022"]
[White "Borisova, Ekaterina"]
[Black "Quintiliano Pinto, Renato R."]
[WhiteFideId "34124184"]
[BlackFideId "2117568"]
[WhiteElo "2034"]
[BlackElo "2439"]
[Result "1/2-1/2"]
[Round "10"]
[TimeControl "180+1"]
[Date "2022.02.08"]
[WhiteClock "0:00:04"]
[BlackClock "0:00:14"]

1. d4 Nf6 2. c4 e6 3. Nc3 Bb4 4. f3 c5 5. d5 O-O 6. e4 b5 7. e5 Ne8 8. f4 d6 9. Nf3 Nc7 10. dxe6 Bxe6 11. exd6 Ne8 12. cxb5 Nxd6 13. Be2 Qb6 14. O-O c4+ 15. Kh1 Nxb5 16. Nxb5 Qxb5 17. Ng5 Bf5 18. b3 Nc6 19. Bxc4 Qc5 20. Bb2 Rad8 21. Qh5 Bg6 22. Qh3 Bf5 23. Qh4 h6 24. Nf3 Ba3 25. Bxa3 Qxa3 26. Ne5 Nxe5 27. fxe5 Be6 28. Bxe6 fxe6 29. h3 Rd2 30. Rxf8+ Qxf8 31. Qg4 Qf5 32. Qxf5 exf5 33. Rc1 Rxa2 34. Rc8+ Kh7 35. Rc7 Re2 36. Rxa7 Rxe5 37. Rb7 Kg6 38. Kh2 Re3 39. Kg1 h5 40. Kf2 Rc3 41. h4 f4 42. b4 Rb3 43. Kf1 Kf6 44. Kf2 g6 45. b5 Kf5 46. Rb6 Rb2+ 47. Kf3 Rb4 48. Kf2 Rb3 49. Ke2 Rg3 50. Kf2 Rc3 51. Kf1 Rc2 52. Kg1 Rb2 53. Kf1 g5 54. hxg5 Kxg5 55. Rb8 Kg4 56. Kg1 Kg3 57. Rg8+ Kh4 58. Rb8 Kg4 59. Rg8+ Kh4 60. Rb8 Kg3 61. Rg8+ Kh4 1/2-1/2


[Site "https://www.chess.com"]

[Event "Early Titled Tuesday Blitz | February 8 2022"]
[White "Brunner, Nicolas"]
[Black "Yang, Kaiqi"]
[WhiteFideId "620246"]
[BlackFideId "8604398"]
[WhiteElo "2372"]
[BlackElo "2373"]
[Result "1-0"]
[Round "10"]
[TimeControl "180+1"]
[Date "2022.02.08"]
[WhiteClock "0:00:32"]
[BlackClock "0:00:02"]

1. d4 Nf6 2. c4 g6 3. Nf3 Bg7 4. Nc3 O-O 5. e4 d6 6. Be2 e5 7. O-O exd4 8. Nxd4 c6 9. f3 Re8 10. Nc2 Na6 11. Be3 Nc7 12. Qd2 d5 13. Rad1 Be6 14. cxd5 cxd5 15. e5 Nd7 16. f4 Nb6 17. Nd4 Nc4 18. Bxc4 dxc4 19. Nxe6 Qxd2 20. Rxd2 Nxe6 21. Rd7 Bf8 22. Ne4 Re7 23. Rfd1 Rc8 24. Rxe7 Bxe7 25. Rd7 Bc5 26. Nxc5 Nxc5 27. Bxc5 Rxc5 28. Rxb7 a5 29. Ra7 Rb5 30. b3 cxb3 31. axb3 h5 32. g3 Rxb3 33. Rxa5 Rb2 34. Ra1 Kf8 35. Rf1 Ke7 36. Rf2 Rb3 37. Kg2 Ke6 38. Rd2 Ra3 39. Rd6+ Ke7 40. Kh3 Ra2 41. Rf6 Rb2 42. f5 g5 43. Rh6 g4+ 44. Kh4 Rxh2+ 45. Kg5 Rg2 46. Rxh5 Rxg3 47. Rh4 Re3 48. Kf4 Re1 49. Rxg4 Rf1+ 50. Kg5 Re1 51. Ra4 Rxe5 52. Ra7+ Ke8 53. Kf6 Rb5 54. Ra8+ Kd7 55. Ra7+ Ke8 56. Re7+ Kf8 57. Rxf7+ Kg8 58. Rg7+ Kf8 59. Rf7+ Kg8 60. Rd7 Rb6+ 61. Ke7 Kg7 62. Rd1 Rb7+ 63. Ke6 Rb6+ 64. Ke5 Rb5+ 65. Kf4 Kf7 66. Rd7+ Kf6 67. Rd6+ Kf7 68. Kg5 Rb1 69. Rd7+ Kf8 70. Kg6 Rb8 71. f6 Ra8 72. Rh7 1-0


[Site "https://www.chess.com"]

[Event "Early Titled Tuesday Blitz | February 8 2022"]
[White "Buscar, Michael"]
[Black "Miszler, Levente"]
[WhiteFideId "2603616"]
[BlackFideId "763276"]
[WhiteElo "2010"]
[BlackElo "1966"]
[Result "0-1"]
[Round "10"]
[TimeControl "180+1"]
[Date "2022.02.08"]
[WhiteClock "0:00:01"]
[BlackClock "0:00:37"]

1. Nf3 Nf6 2. c4 c6 3. g3 d5 4. b3 Bf5 5. Bb2 h6 6. Bg2 e6 7. O-O Bd6 8. d3 O-O 9. Nbd2 Nbd7 10. Nd4 Bh7 11. e4 Nc5 12. Qe2 dxe4 13. dxe4 Be5 14. N2f3 Bxd4 15. Bxd4 Ncxe4 16. Rad1 Qe7 17. Ne5 Rfd8 18. Ng4 Nxg4 19. Bxe4 Bxe4 20. Qxg4 Bg6 21. Qe2 Rd7 22. Qe5 f6 23. Qe3 b6 24. Bb2 Rad8 25. Rxd7 Qxd7 26. Qf3 e5 27. h4 Bf5 28. Re1 Bg4 29. Qe4 Bf5 30. Qf3 Qd2 31. Qe2 Qxe2 32. Rxe2 Bg4 33. Re3 Rd2 34. Ba3 Rxa2 35. Bb4 c5 0-1


[Site "https://www.chess.com"]

[Event "Early Titled Tuesday Blitz | February 8 2022"]
[White "Chernomordik, Pavel"]
[Black "Rudzinska, Michalina"]
[WhiteFideId "2804530"]
[BlackFideId "1172883"]
[WhiteElo "2249"]
[BlackElo "1904"]
[Result "1-0"]
[Round "10"]
[TimeControl "180+1"]
[Date "2022.02.08"]
[WhiteClock "0:01:18"]
[BlackClock "0:00:30"]

1. e4 g6 2. h4 Bg7 3. h5 d5 4. exd5 Qxd5 5. Nc3 Bxc3 6. bxc3 Qe4+ 7. Be2 Nc6 8. d3 Qe5 9. d4 Qe4 10. hxg6 fxg6 11. Kf1 Bf5 12. Bd3 Qd5 13. Rb1 O-O-O 14. Nf3 Nf6 15. c4 Bxd3+ 16. Qxd3 Qe4 17. d5 Qxd3+ 18. cxd3 Nb8 19. Ng5 Rdf8 20. Ba3 Ng4 21. f3 Kd7 22. Ke2 Nf6 23. Ne6 Rf7 24. Rxb7 Na6 25. Rxa7 Nh5 26. Rb1 Rb8 27. Rxb8 Nxb8 28. Rxc7+ Ke8 29. Rc8+ Kd7 30. Rd8# 1-0


[Site "https://www.chess.com"]

[Event "Early Titled Tuesday Blitz | February 8 2022"]
[White "Chigaev, Maksim"]
[Black "Papasimakopoulos, Alexandros"]
[WhiteFideId "4108116"]
[BlackFideId "4244125"]
[WhiteElo "2502"]
[BlackElo "2340"]
[Result "1-0"]
[Round "10"]
[TimeControl "180+1"]
[Date "2022.02.08"]
[WhiteClock "0:02:22"]
[BlackClock "0:02:25"]

1. d4 e6 2. Nf3 Nf6 3. c4 Bb4+ 4. Nbd2 b6 5. a3 Bxd2+ 6. Bxd2 Bb7 7. Bg5 h6 8. Bh4 d6 9. e3 Nbd7 10. Be2 g5 11. Bg3 Ne4 12. Qc2 f5 13. d5 e5 14. Nd2 Nxd2 15. Qxf5 Nb3 16. Bh5+ Ke7 17. Qf7# 1-0


[Site "https://www.chess.com"]

[Event "Early Titled Tuesday Blitz | February 8 2022"]
[White "Coto Mederos, Michel"]
[Black "Jaferian, Koosha"]
[WhiteFideId "3508528"]
[BlackFideId "12507440"]
[WhiteElo "2427"]
[BlackElo "2027"]
[Result "1-0"]
[Round "10"]
[TimeControl "180+1"]
[Date "2022.02.08"]
[WhiteClock "0:00:06"]
[BlackClock "0:00:02"]

1. c4 c5 2. Nc3 Nc6 3. Nf3 g6 4. e3 Nf6 5. d4 cxd4 6. exd4 d5 7. cxd5 Nxd5 8. Bc4 Nxc3 9. Qb3 Nd5 10. Bxd5 e6 11. Bxc6+ bxc6 12. O-O Bg7 13. Qc4 Qd5 14. Qc2 O-O 15. Be3 Ba6 16. Rfd1 Rfc8 17. Rac1 Qxa2 18. Nd2 Qd5 19. Ne4 Bb5 20. Nc5 a5 21. Ra1 Rd8 22. Nb7 Rd7 23. Rxa5 Rxa5 24. Nxa5 c5 25. h4 cxd4 26. Bg5 h6 27. Bc1 d3 28. Qc8+ Rd8 29. Qc7 Be5 30. Qe7 Qd7 31. Qb4 Qd5 32. Bxh6 Bd6 33. Qc3 Qe5 34. Qxe5 Bxe5 35. b3 Ra8 36. Bd2 Bd4 37. Rc1 Bb6 38. b4 Rd8 39. g3 Rd5 40. Kf1 Re5 41. Re1 Re2 42. Rxe2 dxe2+ 43. Ke1 Kf8 44. Nb3 Ke7 45. Nc1 Kf6 46. Nxe2 Bd3 47. Nf4 Bc4 48. Bc3+ Ke7 49. f3 Bb5 50. g4 Bc6 51. Ke2 Bb5+ 52. Kd2 Bc6 53. Ke2 Bb5+ 54. Nd3 Kd6 55. h5 gxh5 56. gxh5 f6 57. h6 e5 58. h7 1-0


[Site "https://www.chess.com"]

[Event "Early Titled Tuesday Blitz | February 8 2022"]
[White "Cunjalo, Faris"]
[Black "Kucuksari, Kaan"]
[WhiteFideId "14410710"]
[BlackFideId "6380166"]
[WhiteElo "2263"]
[BlackElo "2305"]
[Result "1-0"]
[Round "10"]
[TimeControl "180+1"]
[Date "2022.02.08"]
[WhiteClock "0:01:14"]
[BlackClock "0:00:24"]

1. c4 c6 2. Nf3 d5 3. e3 Nf6 4. Nc3 Bg4 5. Qb3 Bxf3 6. Qxb7 Nbd7 7. gxf3 g6 8. Qxc6 Rc8 9. Qa4 dxc4 10. Bxc4 Bg7 11. Be2 O-O 12. d4 e5 13. dxe5 Nxe5 14. Qb5 Nfd7 15. f4 Rc5 16. Qa6 Nc6 17. Bd2 Nb6 18. Rd1 Nb4 19. Qxa7 Qd6 20. Ne4 Nc2+ 21. Kf1 Qc6 22. Bf3 Rd5 23. Kg2 Ra8 24. Qe7 Re8 25. Qh4 Rh5 26. Bxh5 gxh5 27. f3 Rxe4 28. fxe4 Qxe4+ 29. Kf2 Nd4 30. Qd8+ 1-0


[Site "https://www.chess.com"]

[Event "Early Titled Tuesday Blitz | February 8 2022"]
[White "Dauner, Benedikt"]
[Black "Goryachkina, Aleksandra"]
[WhiteFideId "16225899"]
[BlackFideId "4147103"]
[WhiteElo "2230"]
[BlackElo "2426"]
[Result "0-1"]
[Round "10"]
[TimeControl "180+1"]
[Date "2022.02.08"]
[WhiteClock "0:00:02"]
[BlackClock "0:00:04"]

1. b4 d5 2. Bb2 c6 3. e3 Qb6 4. a3 a5 5. Nf3 axb4 6. Bd4 Qc7 7. axb4 Rxa1 8. Bxa1 Nd7 9. d4 e5 10. c3 exd4 11. exd4 Bd6 12. Bd3 Ngf6 13. O-O O-O 14. Nbd2 Re8 15. Re1 Qd8 16. Re2 h6 17. Qe1 Rxe2 18. Qxe2 Qe8 19. Qxe8+ Nxe8 20. Nb3 b6 21. Bb2 Kf8 22. Bc1 Ke7 23. Kf1 Nc7 24. Nh4 Nf6 25. Nf5+ Bxf5 26. Bxf5 Nb5 27. Bd2 Ne4 28. Bxe4 dxe4 29. c4 Na3 30. c5 Bc7 31. Nc1 Ke6 32. Ne2 Kd5 33. Bf4 Bd8 34. Bd6 bxc5 35. bxc5 f5 36. Nf4+ Kc4 37. Ne6 Bf6 38. Bf8 g6 39. Bg7 Bxg7 40. Nxg7 Kxd4 41. Ne6+ Kd5 42. Nf8 g5 43. Nd7 Nc2 44. h4 Nd4 45. h5 Ne6 46. Nf6+ Ke5 47. Ng8 Nf4 48. Nxh6 Nxh5 49. Nf7+ Kd5 50. Nxg5 Kxc5 51. Ke2 Nf4+ 52. Kf1 Kd4 53. g3 Nd3 54. Ke2 c5 55. Ne6+ Ke5 56. Nc7 c4 57. Nb5 Kd5 58. Nc3+ Kc5 59. Ke3 Kb4 60. Nd5+ Kb3 61. Kd4 Nxf2 62. Ke5 c3 63. Kxf5 c2 64. Ne3 c1=Q 65. Kf4 Nd3+ 66. Kxe4 Nf2+ 67. Kf3 Nd1 68. Nf5 Qc6+ 69. Kf4 Qc4+ 70. Ke5 Nf2 71. Kf6 Ne4+ 72. Kg6 Qc6+ 73. Kh5 Qd5 74. Kg4 Nf6+ 75. Kg5 Qe5 76. g4 Ne4+ 77. Kg6 Kc3 78. Nh6 Qf6+ 79. Kh7 Ng5+ 80. Kg8 Kd3 81. Nf5 Qf7+ 82. Kh8 Qh7# 0-1


[Site "https://www.chess.com"]

[Event "Early Titled Tuesday Blitz | February 8 2022"]
[White "De Souza, Cristiano Gomes"]
[Black "Kornyukov, Alexey"]
[WhiteFideId "2151758"]
[BlackFideId "4150457"]
[WhiteElo "2068"]
[BlackElo "2303"]
[Result "1-0"]
[Round "10"]
[TimeControl "180+1"]
[Date "2022.02.08"]
[WhiteClock "0:01:33"]
[BlackClock "0:01:28"]

1. d4 d5 2. c4 e6 3. Nc3 Be7 4. e4 dxe4 5. Nxe4 Nf6 6. Ng3 O-O 7. Nf3 c5 8. Be3 cxd4 9. Qxd4 Bb4+ 10. Bd2 Bxd2+ 11. Qxd2 Qe7 12. Qc3 Nc6 13. h3 e5 14. Be2 e4 15. Nd4 Nxd4 16. Qxd4 Qb4+ 17. Qd2 Qxd2+ 18. Kxd2 Rd8+ 19. Ke3 Be6 20. Rhd1 Re8 21. Rd4 Rac8 22. b3 Bd7 23. Rad1 Bc6 24. Nf5 Re5 25. Rd8+ Rxd8 26. Rxd8+ Be8 27. Nd6 Kf8 28. Nxe8 Nxe8 29. Rd7 Ra5 30. a4 b6 31. Bd1 a6 32. g4 Nf6 33. Rb7 Re5 34. Rxb6 Re6 35. Rxe6 fxe6 36. b4 Ke7 37. a5 Kd6 38. Bc2 Nd7 39. Bxe4 g6 40. f4 e5 41. b5 axb5 42. cxb5 Kc5 43. Bc6 exf4+ 44. Kxf4 Nb8 45. Kg5 Kd4 46. Kh6 Ke3 47. Kxh7 Kf4 48. Kxg6 Kg3 49. g5 Kxh3 50. a6 Kg4 51. a7 1-0


[Site "https://www.chess.com"]

[Event "Early Titled Tuesday Blitz | February 8 2022"]
[White "Demchenko, Anton"]
[Black "Costachi, Mihnea"]
[WhiteFideId "4160258"]
[BlackFideId "1217518"]
[WhiteElo "2539"]
[BlackElo "2464"]
[Result "1-0"]
[Round "10"]
[TimeControl "180+1"]
[Date "2022.02.08"]
[WhiteClock "0:00:07"]
[BlackClock "0:00:03"]

1. e4 e5 2. Nf3 Nc6 3. Bc4 Bc5 4. d3 Nf6 5. Bg5 h6 6. Bh4 Be7 7. Bg3 d6 8. a4 Be6 9. Bxe6 fxe6 10. c3 O-O 11. O-O Qe8 12. Qb3 Qd7 13. Nbd2 Nh5 14. h3 Nf4 15. Bxf4 Rxf4 16. a5 Raf8 17. Qxb7 Rb8 18. Qa6 Rxb2 19. Rfb1 Rxb1+ 20. Rxb1 Rf8 21. Rb7 Ra8 22. d4 exd4 23. cxd4 Nb8 24. Qc4 Bd8 25. d5 e5 26. a6 Kh7 27. Nb3 Qc8 28. Na5 Nd7 29. Nb3 Nb6 30. Qc6 Nd7 31. Nfd2 Nb8 32. Qc4 c5 33. Qb5 Bc7 34. Nc4 Kh8 35. Kh2 Kh7 36. g3 Kh8 37. Kg2 Kh7 38. Nba5 Bxa5 39. Qxa5 Nd7 40. Nxd6 Qd8 41. Qxd8 Rxd8 42. Nf7 Rc8 43. Rxd7 c4 44. Nd6 Rc5 45. Nxc4 Rxc4 46. Kf3 Rc3+ 47. Kg4 Kg6 48. Rd6+ Kf7 49. f4 exf4 50. gxf4 Rc4 51. e5 Ra4 52. Rc6 Ke7 53. Kf5 Kf7 54. h4 Kg8 55. h5 Kf8 56. d6 Kf7 57. e6+ Kg8 58. Rc8+ Kh7 59. d7 Ra5+ 60. Ke4 Ra4+ 61. Kf3 Ra3+ 62. Kg4 Rd3 63. d8=Q Rd7 64. Qh8# 1-0


[Site "https://www.chess.com"]

[Event "Early Titled Tuesday Blitz | February 8 2022"]
[White "Demin, Vladimir"]
[Black "Bugayev, Vladimir"]
[WhiteFideId "4167457"]
[BlackFideId "30901480"]
[WhiteElo "2481"]
[BlackElo "2370"]
[Result "1-0"]
[Round "10"]
[TimeControl "180+1"]
[Date "2022.02.08"]
[WhiteClock "0:01:00"]
[BlackClock "0:00:02"]

1. d4 Nf6 2. g4 d5 3. g5 Ne4 4. f3 Nd6 5. Nc3 c6 6. e4 e6 7. Be3 b5 8. Bd3 Qa5 9. Qd2 b4 10. Nce2 Nc4 11. Bxc4 dxc4 12. Kf2 Be7 13. h4 Nd7 14. Nh3 Qc7 15. h5 g6 16. Nhf4 Rg8 17. hxg6 hxg6 18. Rh7 Nf8 19. Rh4 a5 20. Rg1 Ba6 21. Ng3 O-O-O 22. c3 e5 23. Nfe2 exd4 24. cxd4 Ne6 25. Nf4 Nxd4 26. Bxd4 c5 27. Nd5 Rxd5 28. exd5 cxd4 29. Ne4 d3 30. Rh7 Bc5+ 31. Nxc5 Qxc5+ 32. Qe3 Qxd5 33. Rh4 Bb7 34. Rd4 Qc6 35. Rgg4 Re8 36. Rxc4 Rxe3 37. Rxc6+ Bxc6 38. Kxe3 Bb5 39. Rf4 Be8 40. Kxd3 Kd7 41. Rf6 Ke7 42. Kd4 1-0


[Site "https://www.chess.com"]

[Event "Early Titled Tuesday Blitz | February 8 2022"]
[White "Dew, Brian"]
[Black "Baches Garcia, Guillermo"]
[WhiteFideId "6000495"]
[BlackFideId "2209764"]
[WhiteElo "2118"]
[BlackElo "2450"]
[Result "1/2-1/2"]
[Round "10"]
[TimeControl "180+1"]
[Date "2022.02.08"]
[WhiteClock "0:01:25"]
[BlackClock "0:00:59"]

1. e4 c5 2. Nf3 d6 3. c3 Nf6 4. Bd3 b6 5. O-O Bb7 6. Re1 Nbd7 7. Bc2 c4 8. b3 b5 9. Na3 cxb3 10. axb3 a6 11. d4 e6 12. Nb1 Be7 13. Bf4 O-O 14. c4 bxc4 15. bxc4 Rc8 16. Bd3 d5 17. exd5 exd5 18. c5 Ne4 19. Nbd2 f5 20. Bxa6 Bxa6 21. Rxa6 Bf6 22. Qb3 Nb8 23. Rb6 Nc6 24. Nxe4 fxe4 25. Rxe4 Kh8 26. Re6 Nxd4 27. Nxd4 Bxd4 28. Be3 Bxc5 29. Bxc5 Rxc5 30. Re1 1/2-1/2


[Site "https://www.chess.com"]

[Event "Early Titled Tuesday Blitz | February 8 2022"]
[White "Dobre, Claudiu-Cristian"]
[Black "Maksimenko, Viktor"]
[WhiteFideId "1211854"]
[BlackFideId "13710478"]
[WhiteElo "2207"]
[BlackElo "2269"]
[Result "0-1"]
[Round "10"]
[TimeControl "180+1"]
[Date "2022.02.08"]
[WhiteClock "0:00:02"]
[BlackClock "0:00:40"]

1. c4 e5 2. Nc3 Bb4 3. Qc2 Nf6 4. Nf3 Nc6 5. e3 O-O 6. Nd5 Be7 7. Bd3 h6 8. a3 Re8 9. b4 e4 10. Bxe4 Nxe4 11. Qxe4 Bxb4 12. Qc2 Bf8 13. Bb2 d6 14. O-O Bg4 15. Nd4 Nxd4 16. Bxd4 Qd7 17. f3 Bf5 18. e4 Bh7 19. Rab1 c6 20. Ne3 d5 21. Qb2 c5 22. cxd5 cxd4 23. Nc2 d3 24. Ne3 b6 25. Qb3 f5 26. exf5 Bxf5 27. Rbc1 Bc5 28. Kf2 Bg6 29. Rfe1 Rac8 0-1


[Site "https://www.chess.com"]